 Dungeon Crawl Stone Soup version 0.31-a0-977-gc230f8ef24 (webtiles) character file.

Game seed: 15151264582053113683

38031 strifetoe the Severer (level 13, -1/117 HPs)
             Began as an Armataur Fighter on Oct 29, 2023.
             Was an Elder of Makhleb.
             Killed by divine providence
             ... invoked by a meliai
              (14 damage)
             ... on level 4 of the Lair of Beasts.
             The game lasted 00:43:30 (22450 turns).

strifetoe the Severer (Armataur Fighter)           Turns: 22450, Time: 00:43:31

Health: -1/117     AC: 21    Str: 26    XL:     13   Next: 61%
Magic:  18/18      EV: 10    Int: 13    God:    Makhleb [****..]
Gold:   1296       SH:  4    Dex:  9    Spells: 12/12 levels left

rFire   . . .        b - +3 demon trident (venom)
rCold   + . .        c - +0 buckler
rNeg    . . .        u - +3 plate armour {rC+}
rPois   .            i - +2 hat {Int+3}
rElec   .            (no cloak)
rCorr   .            (no gloves)
SInv    .            (no barding)
Will    .....        (no amulet) Stlth
                     j - +5 ring of evasion
HPRegen 0.39/turn    G - +4 ring of protection
MPRegen 0.16/turn

%: roll
@: about to teleport
A: large, rugged brown scales 3, deformed body, armoured tail, roll, long
tongue, awkward tongue
a: Renounce Religion, Minor Destruction, Lesser Servant of Makhleb, Major
Destruction


You were on level 4 of the Lair of Beasts.
You worshipped Makhleb.
Makhleb was greatly pleased with you.
You visited 3 branches of the dungeon, and saw 17 of its levels.
You also visited: Ossuary and Volcano.

You collected 1296 gold pieces.

Inventory:

Hand Weapons
 a - a +2 war axe of electrocution
 b - a +3 demon trident of venom (weapon)
 k - a +0 war axe of protection
 l - the +8 short sword "Wioduos" {heavy, rCorr Int+5 Dex-5 SInv}
   (You found it on level 4 of the Dungeon)

   Int+5:     It affects your intelligence (+5).
   Dex-5:     It affects your dexterity (-5).
   SInv:      It lets you see invisible.
   rCorr:     It protects you from acid and corrosion.
Missiles
 z - a throwing net
Armour
 c - a +0 buckler (worn)
 i - a +2 hat of intelligence (worn)
 u - a +3 plate armour of cold resistance (worn)
 y - a +1 helmet
Jewellery
 h - a +4 ring of protection
 j - a +5 ring of evasion (left hand)
 n - a +5 ring of evasion
 w - a ring of protection from fire
 A - a ring of protection from cold
 G - a +4 ring of protection (right hand)
Wands
 m - a wand of paralysis (2)
 o - a wand of quicksilver (8)
Scrolls
 f - 7 scrolls of identify
 p - 2 scrolls of fog
 q - a scroll of teleportation
 r - 2 scrolls of fear
 s - a scroll of butterflies
 x - a scroll of revelation
 B - a scroll of poison
Potions
 d - a potion of might
 e - 2 potions of cancellation
 g - a potion of mutation
 t - 2 potions of enlightenment
 v - a potion of attraction
 C - 2 potions of lignification
 D - a potion of berserk rage
 E - a potion of heal wounds
 F - 2 potions of ambrosia


   Skills:
 + Level 8.9 Fighting
 - Level 4.9 Short Blades
 + Level 15.1 Axes
 - Level 10.0 Armour
 + Level 0.4 Dodging
 - Level 4.0 Stealth
 - Level 5.0 Shields
 + Level 6.9 Invocations


You had 12 spell levels left.
You didn't know any spells.
Your spell library contained the following spells:

 Spells                   Type           Power      Damage    Failure   Level
 Dazzling Flash           Conj/Hex       0%         N/A       100%        3
 Vhi's Electric Charge    Tloc/Air       0%         N/A       100%        4
 Agony                    Necr           0%         N/A       100%        5
 Arcjolt                  Conj/Air       0%         1d10      100%        5
 Silence                  Hex/Air        0%         N/A       100%        5
 Summon Forest            Summ/Tloc      0%         N/A       100%        5
 Summon Mana Viper        Hex/Summ       0%         N/A       100%        5
 Plasma Beam              Fire/Air       0%         2x1d10    100%        6
 Summon Cactus Giant      Summ           0%         N/A       100%        6


Dungeon Overview and Level Annotations

Branches:
Dungeon (12/15)            Temple (1/1) D:6            Lair (4/5) D:9
 Shoals (0/4) Lair:2       Spider (0/4) Lair:3          Orc (0/2) D:10
Ossuary (visited)         Volcano (visited)
  Slime: Lair:4-5

Altars:
Ashenzari
Cheibriados
Dithmenos
Elyvilon
Fedhas
Gozag
Hepliaklqana
Kikubaaqudgha
Makhleb
Nemelex Xobeh
Okawaru
Qazlal
Ru
Sif Muna
Trog
Uskayaw
Vehumet
Wu Jian
Xom
Yredelemnul
Zin
The Shining One

Shops:
D:1 (   D:7 (

Annotations:
Lair:1 2 transporters, Ewafen's ghost, journeyman DjMo
Lair:3 exclusion: downstairs


Innate Abilities, Weirdness & Mutations

You are completely covered in rugged brown scales. (AC +3, +7% HP)
Armour fits poorly on your strangely shaped body.
You have a long armoured tail.
You roll when moving toward enemies. (Rampage)
Your long tongue fully drains potion bottles. (2x potion effects)
Your tongue gives you trouble enunciating. (1.5x scroll delay)


Message History

Unknown command.
Your +2 war axe of electrocution stops crackling.
Your +3 demon trident of venom begins to drip with poison!
b - a +3 demon trident of venom (weapon)
Unknown command.
You hit the seven-headed hydra.
The seven-headed hydra is moderately wounded.
A rime drake comes into view.
The seven-headed hydra bites you but does no damage.
The seven-headed hydra bites you.
The seven-headed hydra bites you but does no damage. x2
The seven-headed hydra bites you. x3
The meliai calls down the wrath of its god upon you.
Something smites you!
You hear an angry buzzing noise.
Unknown command.
As you slowly read the scroll of teleportation, it crumbles to dust.
You feel strangely unstable.
You hear an angry buzzing noise. x4; You hear a croak.
The meliai mumbles some strange prayers to its god against you.
Something smites you!
A killer bee comes into view.
The seven-headed hydra bites you!
* * * LOW HITPOINT WARNING * * *
The seven-headed hydra closely misses you.
The seven-headed hydra bites you but does no damage.
The seven-headed hydra bites you.
* * * LOW HITPOINT WARNING * * *
The seven-headed hydra bites you!
* * * LOW HITPOINT WARNING * * *
The seven-headed hydra bites you but does no damage. x2
Unknown command.
There are monsters nearby!
Unknown command.
There are monsters nearby!
Unknown command.
A meliai comes into view. It is wielding a +0 hand axe.
The meliai calls down the wrath of its god upon you.
Something smites you!
You die...

. ..##### y...y ## .... #...#yl
#...yk##### #....## ##D....##
#.@.#...# ##### #####.....#######
##...## ##...#†...####...# ###
#.....## ##.....#######....####.P
.......# #.......# ###.......P#..
#.....#####.....####........†....
##.............####.........†...#
######.....#######..............#
.......#...P# #.............##..


You could see a seven-headed hydra, a basilisk, a rime drake and a meliai.

Vanquished Creatures
  Gastronok (D:12)
  Nessos (Lair:4)
  2 hydras (Lair:4)
  3 two-headed ogres
  A boulder beetle (D:10)
  Nergalle (D:12)
  Urug (D:10)
  A skeletal warrior (D:10)
  Pikel (D:8)
  An orc knight (D:11)
  An ugly thing (D:11)
  3 cyclopes (D:11)
  3 manticores
  A merfolk siren (Lair:2)
  Joseph (D:7)
  5 black mambas
  2 unseen horrors (D:10)
  5 cane toads
  A kobold demonologist (D:11)
  5 komodo dragons
  2 rime drakes
  2 polar bears
  Grinder (D:6)
  3 merfolk (Lair:2)
  6 slime creatures (D:12)
  5 wyverns
  3 shadows
  A wraith (D:12)
  44 yaks
  6 fire bats (Volcano)
  2 basilisks
  2 steam dragons
  10 water moccasins
  3 acid dragons
  5 orc warriors
  An ice beast (D:7)
  A black bear (D:8)
  2 ogres
  4 wolves (Lair:4)
  4 centaurs
  2 phantoms (D:4)
  10 bullfrogs
  5 kobold brigands
  13 scorpions
  11 wights
  18 killer bees
  7 lava snakes (Volcano)
  4 howler monkeys
  A human zombie (Ossuary)
  4 hounds
  2 centaur zombies (Ossuary)
  4 jellies
  6 orc priests
  A gnoll bouda (D:10)
  5 iguanas
  8 orc wizards
  5 scorpion zombies (Ossuary)
  3 mummies (Ossuary)
  11 gnolls
  9 adders
  A shadow imp (D:6)
  A white imp (D:5)
  3 worms
  4 dart slugs (D:4)
  54 orcs
  7 ball pythons
  11 endoplasms
  A giant cockroach (D:1)
  3 gnoll zombies (Ossuary)
  8 goblins
  8 hobgoblins
  4 jackals (D:1)
  34 kobolds
  6 quokkas
  7 bats
  4 frilled lizards
  A goblin zombie (Ossuary)
  3 hobgoblin zombies (Ossuary)
  3 orc zombies (Ossuary)
  2 rats
441 creatures vanquished.

Vanquished Creatures (collateral kills)
  3 two-headed ogres (Volcano)
  2 meliai
  A slime creature (D:11)
  A killer bee (Lair:3)
7 creatures vanquished.

Grand Total: 448 creatures vanquished

Notes
Turn   | Place    | Note
-------+----------+-------------------------------------------
     0 | D:1      | strifetoe the Armataur Fighter began the quest for the Orb.
     0 | D:1      | Reached XP level 1. HP: 19/19 MP: 1/1
    32 | D:1      | Found Yniceman's Weapon Boutique.
    32 | D:1      | Noticed a +0 demon blade
    34 | D:1      | Noticed a +0 quick blade
    70 | D:1      | Reached skill level 2 in Axes
    87 | D:1      | Reached XP level 2. HP: 26/26 MP: 2/2
   641 | D:1      | Reached XP level 3. HP: 32/32 MP: 3/3
  1032 | D:2      | Reached skill level 3 in Axes
  1726 | D:3      | Noticed a shadow
  1727 | D:3      | Found a shadowy altar of Dithmenos.
  1730 | D:3      | Found a hazy altar of Hepliaklqana.
  1796 | D:3      | Reached XP level 4. HP: 39/39 MP: 4/4
  1840 | D:3      | Reached skill level 4 in Axes
  2515 | D:4      | Reached XP level 5. HP: 43/44 MP: 5/5
  2706 | D:4      | Noticed a phantom
  2740 | D:4      | Killed a phantom
  2741 | D:4      | Reached skill level 5 in Axes
  2741 | D:4      | Reached XP level 6. HP: 32/53 MP: 6/6
  3069 | D:4      | Identified the +8 short sword "Wioduos" {heavy, rCorr Int+5
                  | Dex-5 SInv}
  3135 | D:4      | Reached skill level 1 in Short Blades
  3219 | D:4      | Reached XP level 7. HP: 44/60 MP: 7/7
  3809 | D:5      | Entered Level 5 of the Dungeon
  4505 | D:5      | HP: 3/63 [orc/+0 flail (2)]
  4506 | D:5      | HP: 1/63 [orc/+0 flail (3)]
  4976 | D:5      | Noticed a shadow
  4980 | D:5      | Killed a shadow
  5011 | D:5      | Reached XP level 8. HP: 57/71 MP: 8/8
  5142 | D:6      | Found a sand-covered staircase.
  5160 | Ossuary  | Entered an ossuary
  5398 | Ossuary  | Reached skill level 5 in Shields
  5461 | Ossuary  | Reached skill level 5 in Fighting
  5463 | Ossuary  | Reached skill level 1 in Stealth
  5749 | Ossuary  | Reached skill level 5 in Armour
  5780 | D:6      | Reached XP level 9. HP: 69/80 MP: 9/9
  6036 | D:6      | Found a staircase to the Ecumenical Temple.
  6056 | Temple   | Entered the Ecumenical Temple
  6086 | Temple   | Became a worshipper of Makhleb the Destroyer
  6275 | D:6      | Noticed Grinder
  6276 | D:6      | Paralysed by Grinder for 5 turns
  6290 | D:6      | Paralysed by Grinder for 3 turns
  6306 | D:6      | Killed Grinder
  6307 | D:6      | Reached skill level 6 in Axes
  6307 | D:6      | Reached skill level 1 in Invocations
  7004 | D:7      | Found Cugiuxao's Weapon Shoppe.
  7106 | D:7      | Noticed Joseph
  7129 | D:7      | Killed Joseph
  8006 | D:7      | Reached * piety under Makhleb
  8255 | D:8      | Reached XP level 10. HP: 59/89 MP: 12/12
  8510 | D:8      | Reached skill level 7 in Axes
  8988 | D:8      | Found an iron altar of Okawaru.
  9716 | D:8      | Found a blossoming altar of Fedhas.
  9717 | D:8      | Found a shimmering altar of Xom.
  9717 | D:8      | Found a glowing golden altar of the Shining One.
  9719 | D:8      | Found a radiant altar of Vehumet.
  9908 | D:9      | Noticed Pikel
  9918 | D:8      | Killed Pikel
  9919 | D:8      | Reached skill level 8 in Axes
 10773 | D:8      | Reached skill level 9 in Axes
 10840 | D:8      | Reached ** piety under Makhleb
 10915 | D:9      | Found an ornate altar of the Wu Jian Council.
 10955 | D:9      | Found a staircase to the Lair.
 11607 | D:9      | Reached skill level 10 in Axes
 11880 | D:10     | Entered Level 10 of the Dungeon
 11957 | D:10     | Noticed Urug
 11959 | D:10     | Noticed a two-headed ogre
 12438 | D:9      | Killed a two-headed ogre
 12439 | D:9      | Reached XP level 11. HP: 45/98 MP: 13/13
 12808 | D:10     | Killed Urug
 12985 | D:10     | Reached *** piety under Makhleb
 13090 | D:10     | Reached skill level 11 in Axes
 13459 | D:10     | Noticed a two-headed ogre
 13467 | D:10     | Killed a two-headed ogre
 13482 | D:10     | Found a staircase to the Orcish Mines.
 13663 | D:10     | Found a white marble altar of Elyvilon.
 13678 | D:11     | Noticed a purple ugly thing
 13688 | D:11     | Killed a red ugly thing
 14204 | D:11     | Reached skill level 12 in Axes
 14221 | D:11     | Noticed a boulder beetle
 14447 | D:12     | Noticed Gastronok
 14463 | D:12     | Killed Gastronok
 14739 | D:12     | Reached skill level 13 in Axes
 14883 | D:12     | Reached XP level 12. HP: 72/107 MP: 14/14
 15191 | D:12     | Noticed Nergalle
 15203 | D:12     | Killed Nergalle
 15354 | D:12     | Noticed a two-headed ogre
 15358 | D:12     | Killed a two-headed ogre
 15410 | D:12     | Noticed a boulder beetle
 15700 | D:10     | Killed a boulder beetle
 16348 | D:11     | Reached skill level 14 in Axes
 17224 | Lair:1   | Entered Level 1 of the Lair of Beasts
 17338 | Lair:1   | Found a transporter.
 17340 | Lair:1   | Found a transporter.
 17341 | Lair:1   | Noticed Ewafen's ghost (journeyman DjMo)
 17396 | Lair:1   | Reached skill level 5 in Invocations
 17431 | Lair:1   | Reached **** piety under Makhleb
 17474 | Lair:1   | Found a dark tunnel.
 17511 | Volcano  | Entered a volcano
 17831 | Volcano  | Noticed a two-headed ogre
 17832 | Volcano  | Noticed a two-headed ogre
 17833 | Volcano  | Noticed a two-headed ogre
 17857 | Volcano  | Killed a two-headed ogre
 17862 | Volcano  | Killed a two-headed ogre
 17872 | Volcano  | Killed a two-headed ogre
 17873 | Volcano  | Reached skill level 15 in Axes
 17873 | Volcano  | Reached XP level 13. HP: 63/112 MP: 17/17
 18027 | Volcano  | Found a burning altar of Makhleb.
 18965 | Lair:2   | Found a staircase to the Shoals.
 20309 | Lair:3   | Found a hole to the Spider Nest.
 21010 | Lair:4   | Noticed Nessos
 21018 | Lair:3   | HP: 1/114 [poisoned by Nessos]
 21875 | Lair:4   | Killed Nessos
 22285 | Lair:4   | Reached skill level 10 in Armour
 22450 | Lair:4   | Killed from afar by a meliai

Illustrated notes

Levels and vault maps discovered:
D:1:      dpeg_arrival_connections, layout_basic, serial_shops,
          nicolae_shop_mannequins
D:2:      layout_loops_ring
D:3:      layout_loops_ring, riverfiend_overflow_shadow_ancestor,
          solitary_fountain
D:4:      nicolae_cairo_tiling_large_dashed, layout_loops_cross, nzn_random_ring
D:5:      layout_basic, nicolae_eternal_life, minivault_24,
          grunt_decor_junction, minmay_small_thing
D:6:      layout_cave_pods, temple_fountains, nicolae_ossuary_entry_monument,
          uniq_grinder
D:7:      layout_basic, serial_shops, shop, serial_curves, eino_curves_03,
          eino_curves_04, uniq_joseph
D:8:      layout_cave_pools, minitemple, roderic_serpentine_path
D:9:      layout_roguey, pdpol_wu_jian_five_deadly_venoms, lair_entry_dummy,
          uniq_pikel
D:10:     layout_rooms, kennysheep_little_box, orc_0_dummy, special_room
          [special_room_orc], st_stairs_8, serial_park_tiny_1, uniq_urug
D:11:     minmay_the_grid_four_pointed_star_mashed
          [minmay_the_grid_triangle_9x9_descending_squares,
          minmay_the_grid_triangle_9x9_flanged_cone,
          minmay_the_grid_triangle_9x9_negative_grid,
          minmay_the_grid_triangle_9x9_cache,
          minmay_the_grid_prize_inner_circle], layout_basic,
          kennysheep_generic_room_7
D:12:     layout_loops_corners, uniq_gastronok, uniq_azrael, uniq_nergalle
Temple:   cyrus_circular_temple
Lair:1:   layout_chaotic_city, gammafunk_ghost_hive,
          nicolae_volcano_entry_lava_flow
Lair:2:   layout_loops_ring, elwin_shoals_entry_stream
Lair:3:   layout_cave_pods, hellmonk_spider_entry_not_the_bees,
          lemuel_fruit_fields, lemuel_fruit_fields, infiniplex_staircase_pool_2
Lair:4:   regret_index_combs_of_tragedy, layout_cave_pods,
          chequers_serial_rivers_micro_a, pdpol_lair_neglected_garden,
          uniq_nessos

Skill      XL: |  1  2  3  4  5  6  7  8  9 10 11 12 13 |
---------------+----------------------------------------+-----
Axes           | 2 3 4 5 6 10 13 15 | 15.1
Fighting       | 3 4 5 6 7 8 |  8.9
Short Blades   | 1 3 4 |  4.9
Shields        | 4 5 |  5.0
Stealth        | 3 4 |  4.0
Armour         | 5 7 10 | 10.0
Invocations    | 3 6 |  6.9
Dodging        | |  0.4

Action                     |  1- 3 |  4- 6 |  7- 9 | 10-12 | 13-15 || total
---------------------------+-------+-------+-------+-------+-------++-------
  Melee: War axe           |   117 |   124 |       |   419 |   240 ||   900
         Tailslap          |    11 |    13 |    49 |   115 |    47 ||   235
         Short sword       |       |    18 |   420 |   307 |       ||   745
         Demon trident     |       |       |       |       |    24 ||    24
 Invoke: Lesser Servant of |       |       |       |    14 |     3 ||    17
  Evoke: Wand              |       |       |       |    22 |     3 ||    25
    Use: Scroll            |       |     1 |    22 |    10 |     4 ||    37
         Potion            |       |     2 |     3 |    12 |     4 ||    21
   Stab: Invisible         |       |       |       |     4 |       ||     4
         Paralysed         |       |       |       |       |     4 ||     4
 Armour: Scale mail        |    84 |   116 |   210 |       |       ||   410
         Plate armour      |       |       |   136 |   862 |   257 ||  1255
         Chain mail        |       |       |    46 |       |       ||    46
  Dodge: Dodged            |    56 |    47 |   301 |   448 |   114 ||   966
  Block: Buckler           |    23 |    26 |    95 |   175 |    45 ||   364

Table legend: (Time is in decaauts)
 A = Elapsed time spent in this place.
 B = Non-inter-level travel time spent in this place.
 C = Inter-level travel time spent in this place.
 D = Time resting spent in this place.
 E = Time spent auto-exploring this place.
 F = Levels seen in this place.
 G = Mean time per level.
                   A        B        C        D        E       F      G
               +--------+--------+--------+--------+--------+-----+--------+
         Total |  22611 |  21912 |    699 |   7133 |   9971 |  19 | 1190.1 |
       Dungeon |  16773 |  16135 |    638 |   5205 |   7600 |  12 | 1397.8 |
        Temple |     43 |     30 |     13 |      0 |      0 |   1 |   43.0 |
          Lair |   4632 |   4584 |     48 |   1517 |   2146 |   4 | 1158.0 |
       Ossuary |    648 |    648 |      0 |    192 |    153 |   1 |  648.0 |
       Volcano |    512 |    512 |      0 |    219 |     72 |   1 |  512.0 |
               +--------+--------+--------+--------+--------+-----+--------+

Top non-repeatable levels by time:
    D:10: 2305 daAuts
     D:9: 2284 daAuts
     D:7: 2003 daAuts
  Lair:3: 1782 daAuts
     D:6: 1458 daAuts
     D:8: 1422 daAuts
     D:5: 1350 daAuts
     D:4: 1338 daAuts
  Lair:2: 1184 daAuts
    D:12: 1097 daAuts
     D:1: 1037 daAuts
    D:11: 945 daAuts
  Lair:1: 898 daAuts
     D:3: 844 daAuts
  Lair:4: 767 daAuts
